 Dungeon Sprint DCSS version 0.24.0-41-g2ae2f7f1be (webtiles) character file.

Game seed: 5694555412226631853, levelgen mode: deterministic

7473 McKennaii the Fencer (level 10, -5/86 HPs)
             Began as a Demonspawn Fighter on Dec 10, 2019.
             Was the Champion of Makhleb.
             Slain by a catoblepas (12 damage)
             ... in the Dungeon (Sprint IX: "|||||||||||||||||||||||||||||").
             The game lasted 00:06:10 (1079 turns).

McKennaii the Fencer (Demonspawn Fighter)           Turns: 1079, Time: 00:06:11

Health: -5/86      AC: 17    Str: 22    XL:     10   Next: 94%
Magic:  16/17      EV:  9    Int: 10    God:    Makhleb [******]
Gold:   14         SH: 12    Dex: 16    Spells: 9/9 levels left

rFire    + . .     SeeInvis .   q - +2 scimitar (flame)
rCold    . . .     Gourm    .   c - +0 shield
rNeg     . . .     Faith    .   l - +0 plate armour
rPois    .         Spirit   .   r - +0 helmet
rElec    .         Reflect  .   (no cloak)
rCorr    .         Harm     .   a - +0 pair of gloves
MR       .....     NoTele   +   (no boots)
Stlth    ..........             (no amulet)
HPRegen  0.24/turn              s - +3 ring of strength
MPRegen  0.15/turn              t - +3 ring of dexterity

@: no status effects
A: claws 2, fire resistance 1, spiny 2, sturdy frame 1
a: Minor Destruction, Lesser Servant of Makhleb, Major Destruction, Greater
Servant of Makhleb, Renounce Religion


You were in the Dungeon.
You worshipped Makhleb.
Makhleb was exalted by your worship.
You were hungry.

You visited 1 branch You collected 14 gold pieces.

Inventory:

Hand Weapons
 q - a +2 scimitar of flaming (weapon)
Armour
 a - a +0 pair of gloves (worn)
 c - a +0 shield (worn)
 l - a +0 plate armour (worn)
 r - a +0 helmet (worn)
Jewellery
 s - a +3 ring of strength (left hand)
 t - a +3 ring of dexterity (right hand)
Wands
 p - a wand of acid (10)
Scrolls
 k - 3 scrolls of blinking
 n - 5 scrolls of remove curse
 o - 2 scrolls of amnesia
 v - a scroll of identify
 w - 2 scrolls of enchant weapon
Potions
 b - 2 potions of mutation
 d - 2 potions of might
 e - a potion of invisibility
 g - 4 potions of heal wounds
 h - a potion of haste
 i - 4 potions of magic
 j - a potion of berserk rage
 m - 5 potions of curing
 u - a potion of brilliance
Comestibles
 f - a ration
 x - 11 chunks of flesh


   Skills:
 + Level 10.4 Fighting
 * Level 16.5 Long Blades
 + Level 9.8 Armour
 + Level 3.8 Dodging
 + Level 3.3 Stealth
 + Level 8.6 Shields
 * Level 9.6 Invocations


You had 9 spell levels left.
You didn't know any spells.
Your spell library was empty.

Dungeon Overview and Level Annotations

Branches:
Dungeon (1/1)

Altars:
Cheibriados
Dithmenos
Elyvilon
Fedhas
Gozag
Hepliaklqana
Kikubaaqudgha
Makhleb
Nemelex Xobeh
Okawaru
Qazlal
Ru
Sif Muna
Trog
Uskayaw
Vehumet
Wu Jian
Xom
Yredelemnul
Zin
The Shining One
Beogh
Jiyva
Lugonu


Innate Abilities, Weirdness & Mutations

You have very sharp fingernails.
Your flesh is heat resistant. (rF+)
You are mostly covered in sharp spines.
Your movements are slightly less encumbered by armour. (ER -2)


Message History

You are engulfed in calcifying dust.
The catoblepas is struck by your spines.
The catoblepas gores you!!
* * * LOW HITPOINT WARNING * * *
You turn to flesh and can move again.
Unknown command.
Unknown command.
Unknown command.
Unknown command.
The catoblepas is struck by your spines.
You kill the catoblepas!
Makhleb accepts your kill.
You feel better.
Your Stealth skill increases to level 3!
Unknown command.
The catoblepas gores you!!
* * * LOW HITPOINT WARNING * * *
Unknown command.
A demon appears!
The catoblepas gores you!
You die...

▓▓▓▓▓▓▓▓▓▓▓▓▓▓▓▓▓▓▓▓▓▓▓▓▓▓▓▓▓▓▓▓▓
..).[[..)|..'____________________
▓▓▓▓▓▓▓▓▓▓▓▓▓▓▓▓▓▓▓▓▓▓▓▓▓▓▓▓▓▓▓▓▓
...................).............
▓▓▓▓▓▓▓▓▓▓▓▓▓▓▓▓▓▓▓▓▓▓▓▓▓▓▓▓▓▓▓▓▓
.Y....†YYY@3.†.††.........†
▓▓▓▓▓▓▓▓▓▓▓▓▓▓▓▓▓▓▓▓▓▓▓▓▓▓▓


You could see a catoblepas, 2 yaks and a friendly smoke demon.

Vanquished Creatures
  A catoblepas (D)
  3 death yaks (D)
  A lindwurm (D)
  A cyclops (D)
  A black mamba (D)
  Psyche (D)
  3 spiny frogs (D)
  A hippogriff (D)
  A basilisk (D)
  A hungry ghost (D)
  An acid dragon (D)
  4 porcupines (D)
  A water moccasin (D)
  An orc warrior (D)
  2 wolves (D)
  A black bear (D)
  A crocodile (D)
  2 big kobolds (D)
  3 bullfrogs (D)
  2 crimson imps (D)
  A hound (D)
  An orc wizard (D)
  An iguana (D)
  2 worker ants (D)
  An adder skeleton (D)
  A leopard gecko (D)
  An orc (D)
  A giant cockroach (D)
  2 hobgoblins (D)
  A jackal (D)
  A rat (D)
45 creatures vanquished.

Vanquished Creatures (others)
  A death yak (D)
1 creature vanquished.

Grand Total: 46 creatures vanquished

Notes
Turn   | Place    | Note
-------+----------+-------------------------------------------
     0 | D        | McKennaii the Demonspawn Fighter began the quest for the
                  | Orb.
     0 | D        | Reached XP level 1. HP: 18/18 MP: 1/1
     5 | D        | Reached skill level 2 in Long Blades
    25 | D        | Noticed a worker ant
    25 | D        | Noticed a worker ant
    25 | D        | Noticed an iguana
    29 | D        | Killed an iguana
    29 | D        | Reached skill level 3 in Long Blades
    29 | D        | Gained mutation: You have sharp fingernails. [demonic
                  | ancestry]
    29 | D        | Reached XP level 2. HP: 2/25 MP: 2/2
    29 | D        | Gained mutation: You are partially covered in sharp spines.
                  | [demonic ancestry]
    29 | D        | Reached XP level 3. HP: 3/30 MP: 3/3
    49 | D        | Reached skill level 5 in Fighting
    49 | D        | Reached skill level 4 in Long Blades
    49 | D        | Reached XP level 4. HP: 14/39 MP: 4/4
    63 | D        | Found a roughly hewn altar of Beogh.
    63 | D        | Found a snail-covered altar of Cheibriados.
    63 | D        | Found a shadowy altar of Dithmenos.
    63 | D        | Found a white marble altar of Elyvilon.
    63 | D        | Found a blossoming altar of Fedhas.
    63 | D        | Found an opulent altar of Gozag.
    64 | D        | Found a hazy altar of Hepliaklqana.
    65 | D        | Found a viscous altar of Jiyva.
    66 | D        | Found an ancient bone altar of Kikubaaqudgha.
    67 | D        | Found a corrupted altar of Lugonu.
    68 | D        | Found a burning altar of Makhleb.
    69 | D        | Found a sparkling altar of Nemelex Xobeh.
    70 | D        | Found an iron altar of Okawaru.
    71 | D        | Found a stormy altar of Qazlal.
    72 | D        | Found a sacrificial altar of Ru.
    73 | D        | Found a shimmering blue altar of Sif Muna.
    74 | D        | Found a bloodstained altar of Trog.
    75 | D        | Found a hide-covered altar of Uskayaw.
    76 | D        | Became a worshipper of Makhleb the Destroyer
    77 | D        | Found a radiant altar of Vehumet.
    78 | D        | Found an ornate altar of the Wu Jian Council.
    79 | D        | Found a shimmering altar of Xom.
    80 | D        | Found a basalt altar of Yredelemnul.
    81 | D        | Found a glowing silver altar of Zin.
    82 | D        | Found a glowing golden altar of the Shining One.
   243 | D        | Noticed a bullfrog
   243 | D        | Noticed an orc warrior
   243 | D        | Noticed a big kobold
   248 | D        | Killed a big kobold
   248 | D        | Reached skill level 6 in Long Blades
   248 | D        | Reached skill level 5 in Armour
   248 | D        | Gained mutation: Your flesh is heat resistant. (rF+)
                  | [demonic ancestry]
   248 | D        | Reached XP level 5. HP: 42/44 MP: 5/5
   251 | D        | Reached skill level 5 in Shields
   262 | D        | Killed an orc warrior
   262 | D        | Reached * piety under Makhleb
   262 | D        | Reached skill level 7 in Long Blades
   262 | D        | Reached skill level 1 in Dodging
   262 | D        | Gained mutation: Your movements are slightly less
                  | encumbered by armour. (ER -2) [demonic ancestry]
   262 | D        | Reached XP level 6. HP: 19/52 MP: 6/6
   264 | D        | Reached skill level 8 in Long Blades
   277 | D        | Reached ** piety under Makhleb
   277 | D        | Reached skill level 9 in Long Blades
   432 | D        | Noticed a hungry ghost
   432 | D        | Noticed a cyclops
   432 | D        | Noticed an acid dragon
   451 | D        | Killed an acid dragon
   451 | D        | Reached *** piety under Makhleb
   451 | D        | Reached skill level 10 in Long Blades
   451 | D        | Gained mutation: You have very sharp fingernails. [demonic
                  | ancestry]
   451 | D        | Reached XP level 7. HP: 50/60 MP: 7/7
   460 | D        | Killed a cyclops
   460 | D        | Reached skill level 11 in Long Blades
   460 | D        | Reached XP level 8. HP: 48/67 MP: 8/8
   469 | D        | Reached skill level 12 in Long Blades
   550 | D        | Noticed Psyche
   561 | D        | Killed Psyche
   879 | D        | Noticed a spiny frog
   881 | D        | Reached **** piety under Makhleb
   882 | D        | Reached skill level 13 in Long Blades
   883 | D        | Noticed a hippogriff
   887 | D        | Noticed a spiny frog
   894 | D        | Reached ***** piety under Makhleb
   894 | D        | Reached skill level 1 in Invocations
   903 | D        | Killed a spiny frog
   903 | D        | Gained mutation: You are mostly covered in sharp spines.
                  | [demonic ancestry]
   903 | D        | Reached XP level 9. HP: 74/75 MP: 8/10
   908 | D        | Reached skill level 14 in Long Blades
   915 | D        | Killed a spiny frog
   915 | D        | Reached skill level 1 in Stealth
   945 | D        | Noticed a black mamba
   945 | D        | Noticed a lindwurm
   948 | D        | Reached skill level 5 in Invocations
   954 | D        | Killed a lindwurm
   961 | D        | Killed a black mamba
   961 | D        | Reached ****** piety under Makhleb
   961 | D        | Reached skill level 15 in Long Blades
   970 | D        | Reached XP level 10. HP: 83/83 MP: 14/14
   974 | D        | Noticed a spiny frog
   984 | D        | Killed a spiny frog
   999 | D        | Noticed a catoblepas
   999 | D        | Noticed a death yak
   999 | D        | Noticed a death yak
   999 | D        | Noticed a death yak
   999 | D        | Noticed a death yak
  1004 | D        | Noticed a catoblepas
  1007 | D        | Killed a death yak
  1016 | D        | Killed a death yak
  1016 | D        | Reached skill level 16 in Long Blades
  1032 | D        | Killed a death yak
  1061 | D        | Killed a death yak
  1061 | D        | Reached skill level 10 in Fighting
  1077 | D        | Killed a catoblepas
  1079 | D        | Slain by a catoblepas

Levels and vault maps discovered:
D:        linesprint [early_d, line_temple, items_1, d_10, items_2, lair_1,
          lair_end, items_3, orc_1, orc_end, items_4, d_15, swamp_1, shoals_1,
          snake_1, spider_1, d_20, vaults_1, items_5, swamp_end, shoals_end,
          snake_end, spider_end, vaults_end, d_27, items_6, zot_1, zot_end,
          crypt_end, forest_end, elf_end, slime_end, tomb_end, abyss_end,
          pan_hell_end]

Skill      XL: |  1  2  3  4  5  6  7  8  9 10 |
---------------+-------------------------------+-----
Long Blades    | 3 4 6 7 10 11 13 15 16 | 16.5
Armour         | 3 4 5 6 7 8 9 |  9.8
Shields        | 3 4 5 6 7 8 |  8.6
Fighting       | 4 5 6 7 8 9 10 | 10.4
Dodging        | 1 2 3 |  3.8
Invocations    | 2 6 9 |  9.6
Stealth        | 1 3 |  3.3

Action                   |  1- 3 |  4- 6 |  7- 9 | 10-12 || total
-------------------------+-------+-------+-------+-------++-------
Melee: Long sword        |    29 |       |       |       ||    29
       Scimitar          |       |    47 |    84 |    58 ||   189
Invok: Lesser Servant of |       |       |       |     1 ||     1
  Use: Potion            |     1 |       |     1 |       ||     2
 Stab: Petrified         |       |       |       |     5 ||     5
       Petrifying        |       |       |       |     1 ||     1
  Eat: Chunk             |       |       |     3 |       ||     3
Armor: Scale mail        |    10 |    14 |       |       ||    24
       Plate armour      |       |     5 |    25 |    21 ||    51
Dodge: Dodged            |    13 |     5 |    10 |     7 ||    35
Block: Shield            |     6 |    20 |    29 |    15 ||    70
       Rpst.: Long sword |     5 |       |       |       ||     5
       Scimitar          |       |     1 |     2 |     2 ||     5
